 Dungeon Crawl Stone Soup version 0.25.1-2-g60ff931df9 (webtiles) character file.

Game seed: 13090203281510138002

63 DearestLeader the Cudgeler (level 3, -2/29 HPs)
             Began as a Demonspawn Abyssal Knight on Sept 13, 2020.
             Was a Believer of Lugonu.
             Slain by a gnoll
             ... wielding a +1 whip of venom
              (4 damage)
             ... on level 2 of the Dungeon.
             The game lasted 00:04:18 (1589 turns).

DearestLeader the Cudgeler (DsAK)                   Turns: 1589, Time: 00:04:19

Health: -2/29      AC:  6    Str: 13    XL:     3   Next: 89%
Magic:  4/5        EV: 10    Int: 13    God:    Lugonu [**....]
Gold:   37         SH:  0    Dex: 12    Spells: 2/2 levels left

rFire    . . .     SeeInvis .   a - +1 mace
rCold    . . .     Gourm    .   (no shield)
rNeg     . . .     Faith    .   m - +0 ring mail
rPois    .         Spirit   .   i - +0 helmet
rElec    .         Reflect  .   (no cloak)
rCorr    .         Harm     .   (no gloves)
MR       .....                  (no boots)
Stlth    ++........             k - amulet of regeneration
HPRegen  0.49/turn              (no ring)
MPRegen  0.09/turn              (no ring)

@: lethally poisoned (-2 -> -3)
A: nightstalker 1
a: Depart the Abyss, Bend Space, Renounce Religion


You were on level 2 of the Dungeon.
You worshipped Lugonu.
Lugonu was pleased with you.
You were not hungry.

You visited 1 branch of the dungeon, and saw 2 of its levels.
You visited the Abyss 1 time.

You collected 37 gold pieces.

Inventory:

Hand Weapons
 a - a +1 mace (weapon)
Armour
 i - a +0 helmet (worn)
 m - a +0 ring mail (worn)
 n - a +0 scale mail
Jewellery
 k - an amulet of regeneration (around neck)
Scrolls
 d - a scroll of blinking {unknown}
 e - a scroll of enchant armour {unknown}
 g - 2 scrolls of teleportation {unknown}
 j - a scroll of enchant weapon {unknown}
 l - a scroll of identify {unknown}
Potions
 b - 2 potions of curing {unknown}
 f - a potion of might {unknown}
 h - a potion of haste {unknown}
Comestibles
 c - 3 rations
 o - a chunk of flesh


   Skills:
 - Level 3.0 Fighting
 * Level 3.2 Maces & Flails
 + Level 2.5 Armour
 - Level 1.0 Dodging
 + Level 2.7 Invocations


You had 2 spell levels left.
You didn't know any spells.
Your spell library was empty.

Dungeon Overview and Level Annotations

Branches:
Dungeon (2/15)

Altars:
Sif Muna


Innate Abilities, Weirdness & Mutations

You are slightly more attuned to the shadows.


Message History

The gnoll hits you but does no damage.
The gnoll hits you from afar with a +0 spear.
You hit the gnoll.
You kill the gnoll!
Lugonu accepts your kill.
The gnoll hits you from afar with a +0 spear.
* * * LOW HITPOINT WARNING * * *
The gnoll hits you with a +1 whip of venom.
* * * LOW HITPOINT WARNING * * *
You are poisoned.
* * * LOW HITPOINT WARNING * * *
You feel sick.
* * * LOW HITPOINT WARNING * * *
You feel sick.
You closely miss the gnoll.
* * * LOW HITPOINT WARNING * * *
You feel sick. The gnoll barely misses you.
You hit the gnoll but do no damage. The gnoll closely misses you.
The gnoll hits you with a +1 whip of venom.
You die...

#.......[. #.#..####
#)#..# ##.###.#..#
..........######.#
##.###)##........#
##.###g####.###..#
###...##g####.# ..#
...#...@...#)# .g#
#...#.......# ..#
^#####.#...#...####..#
..................g..#
#####.#...#...####g##
#.######.## .# #.# #.#
.# #.######.#####.#
#.รท............#


You could see 2 gnolls.

Vanquished Creatures
  A gnoll (D:2)
  An adder (D:2)
  An ooze (D:1)
  3 dart slugs (D:1)
  4 giant cockroaches
  6 goblins
  2 hobgoblins (D:1)
  A ball python (D:1)
  5 bats
  3 frilled lizards (D:1)
  6 kobolds
  3 rats (D:1)
36 creatures vanquished.

Notes
Turn   | Place    | Note
-------+----------+-------------------------------------------
     0 | Abyss:1  | DearestLeader the Demonspawn Abyssal Knight began the quest
                  | for the Orb.
     0 | Abyss:1  | Reached XP level 1. HP: 18/18 MP: 2/2
     5 | D:1      | Escaped the Abyss
    29 | D:1      | Reached skill level 1 in Dodging
   289 | D:1      | Gained mutation: You are slightly more attuned to the
                  | shadows. [demonic ancestry]
   289 | D:1      | Reached XP level 2. HP: 20/24 MP: 3/3
   858 | D:1      | Reached ** piety under Lugonu
   985 | D:1      | Reached XP level 3. HP: 26/29 MP: 4/4
  1157 | D:1      | Found a shimmering blue altar of Sif Muna.
  1588 | D:2      | HP: 1/29 [poisoned by a gnoll]
  1589 | D:2      | Slain by a gnoll

Illustrated notes

Levels and vault maps discovered:
D:1:      minmay_arrival_shattered_statue, layout_loops_ring,
          serial_park_tiny_1, minmay_statues_item, minmay_hexomino_r4
D:2:      layout_loops_ring, nicolae_overflow_crystal_walls, first_ration

Skill      XL: |  1  2  3 |
---------------+----------+-----
Dodging        | 1 |  1.0
Maces & Flails | 2 3 |  3.2
Armour         | 2 |  2.5
Fighting       | |  3.0
Invocations    | |  2.7

Action                   || total
-------------------------++-------
Melee: Mace              ||   126
 Stab: Sleeping          ||     1
  Eat: Chunk             ||     2
Armor: Leather armour    ||    34
       Ring mail         ||    20
Dodge: Dodged            ||    72
